[Event "*** Titled Tuesday Blitz"]
[Site "Chess.com"]
[Date "2021.03.16"]
[Round "5"]
[White "Hangar-18"]
[Black "JosefineHeinemann"]
[Result "0-1"]
[WhiteElo "2346"]
[BlackElo "2634"]
[TimeControl "180+1"]
[EndTime "10:54:26 PDT"]
[Termination "JosefineHeinemann won by resignation"]

1. c4 c5 2. Nc3 Nc6 3. Nf3 g6 4. g3 Bg7 5. Bg2 d6 6. O-O e5 7. a3 Nge7 8. b4 cxb4 9. axb4 Nxb4 10. Ba3 Nbc6 11. Nb5 O-O 12. Nxd6 e4 13. Ng5 Bxa1 14. Qxa1 Bf5 15. Ngxe4 Bxe4 16. Nxe4 f6 17. Nxf6+ Rxf6 18. Qxf6 Qf8 19. Qc3 Qg7 20. Qxg7+ Kxg7 21. Bb2+ Kf7 22. d4 a5 23. d5 Nb4 24. c5 Nbxd5 25. Rd1 Ke6 26. e4 Nb4 27. Bh3+ Kf7 28. Rd7 a4 29. Ba3 Nc2 30. Rxe7+ Kxe7 31. c6+ Nxa3 32. c7 Nb5 33. c8=Q Rxc8 34. Bxc8 a3 35. Bxb7 a2 0-1

[Event "*** Titled Tuesday Blitz"]
[Site "Chess.com"]
[Date "2021.03.16"]
[Round "5"]
[White "karinachess1"]
[Black "Vincent_Vega95"]
[Result "0-1"]
[WhiteElo "2513"]
[BlackElo "2753"]
[TimeControl "180+1"]
[EndTime "10:54:27 PDT"]
[Termination "Vincent_Vega95 won by resignation"]

1. d4 Nf6 2. Nf3 g6 3. g3 Bg7 4. Bg2 O-O 5. O-O d6 6. b3 c5 7. Bb2 cxd4 8. Nxd4 d5 9. c4 dxc4 10. bxc4 Nfd7 11. Nd2 Nc5 12. N2b3 Na4 13. Ba3 Nc3 14.
Qd2 Bxd4 15. Nxd4 Qxd4 16. Qxd4 Nxe2+ 17. Kh1 Nxd4 18. Bxe7 Re8 19. Bf6 Ndc6 20. Rab1 Nd7 21. Bg5 Nc5 22. Be3 Ne4 23. Rfe1 f5 24. Bh6 Kf7 25.
h4 Re7 26. Kg1 Be6 27. Bxe4 fxe4 28. Rxe4 b6 29. Rbe1 Bf5 30. Rxe7+ Nxe7 31. Bg5 Re8 32. f3 Be6 33. Rc1 Rc8 34. Re1 Rxc4 35. g4 h5 36.
gxh5 gxh5 37. Kg2 Nf5 38. Re2 Nd4 39. Rd2 Rc2 40. Rxc2 Nxc2 41. Kf2 Bxa2 0-1

[Event "*** Titled Tuesday Blitz"]
[Site "Chess.com"]
[Date "2021.03.16"]
[Round "5"]
[White "Fortitudine"]
[Black "DanilovVladimir"]
[Result "1-0"]
[WhiteElo "2301"]
[BlackElo "2427"]
[TimeControl "180+1"]
[EndTime "10:54:27 PDT"]
[Termination "Fortitudine won by resignation"]

1. c4 e5 2. g3 Nc6 3. Bg2 g6 4. Nc3 Bg7 5. e4 Nge7 6. d3 O-O 7. Nge2 d6 8. O-O f5 9. Nd5 Nxd5 10. cxd5 Ne7 11.
Bg5 h6 12. Be3 c6 13. dxc6 bxc6 14. d4 Qa5 15. dxe5 dxe5 16. Qd6 Re8 17. Nc3 Ba6 18. Rfd1 Kh7 19. exf5 Nxf5 20. Qxc6 Nxe3 21. fxe3 Rac8 22. Qd5 Qb6 23. Qe4 Qxb2 24. Nd5 Bb7 25. Rab1 Bxd5 26. Rxb2 Bxe4 27. Bxe4 Rc4 28. Bd3 Ra4 29. Rb7 e4 30. Bc2 Rxa2 31. Bb3 Ra3 32. Rdd7 Ra1+ 33. Kg2 1-0

[Event "*** Titled Tuesday Blitz"]
[Site "Chess.com"]
[Date "2021.03.16"]
[Round "5"]
[White "Genghis_K"]
[Black "Nesty_Javi_Chess"]
[Result "1-0"]
[WhiteElo "2889"]
[BlackElo "2631"]
[TimeControl "180+1"]
[EndTime "10:54:28 PDT"]
[Termination "Genghis_K won by resignation"]

1. e4 e5 2. Nf3 Nc6 3. Bc4 g6 4. d4 exd4 5. c3 d3 6. O-O Bg7 7. Bxd3 Nge7 8. c4 d6 9. h3 O-O 10. Nc3 h6 11. Re1 f5 12. exf5 Bxf5 13. Bxf5 Nxf5 14.
Nd5 Qd7 15. Bd2 Rae8 16. Qb3 b6 17. Bc3 Nfd4 18. Nxd4 Nxd4 19. Qd1 Rxe1+ 20. Bxe1 c6 21. Ne3 Qf7 22. Qd3 b5 23. Rd1 bxc4 24. Qxc4 Qxc4 25.
Nxc4 d5 26. Na5 c5 27. Kf1 Rd8 28. Bc3 Ne6 29. Nc6 Rd7 30. Rxd5 Rxd5 31. Ne7+ Kf7 32. Nxd5 Bxc3 33. Nxc3 Kf6 34. Ke2 Ke5 35. Ke3 c4 36.
g3 Kd6 37. f4 Kc5 38. Ke4 Kb4 39. Ke5 Nc5 40. Kd4 Nd3 41. b3 Nc5 42. Nd5+ Ka3 43. Kxc5 cxb3 44. axb3 Kxb3 45. g4 a5 46. f5 gxf5 47.
gxf5 a4 48. f6 a3 49. Nb4 Kc3 50. f7 1-0

[Event "*** Titled Tuesday Blitz"]
[Site "Chess.com"]
[Date "2021.03.16"]
[Round "5"]
[White "Myshakov_Fedor"]
[Black "SaqoChess_Twitch"]
[Result "0-1"]
[WhiteElo "2338"]
[BlackElo "2495"]
[TimeControl "180+1"]
[EndTime "10:54:30 PDT"]
[Termination "SaqoChess_Twitch won on time"]

1. c4 e5 2. Nc3 Nc6 3. Nf3 Nf6 4. g3 Bc5 5. Bg2 O-O 6. O-O a6 7. e3 d6 8. d4 exd4 9. Nxd4 Nxd4 10. exd4 Ba7 11.
a3 h6 12. b4 Re8 13. c5 dxc5 14.
dxc5 Qxd1 15. Rxd1 c6 16. Na4 Bg4 17. f3 Bf5 18. Ra2 Be6 19. Rb2 Bb8 20. Nb6 Be5 21.
Re2 Bb3 22. Rd3 Bd4+ 23. Be3 Bxe3+ 24. Rexe3 Bc2 25. Rc3 Rxe3 26. Rxe3 Rb8 27. Re7 Kf8 28. Rc7 Bf5 29. g4 Be6 30. Bf1 Ke8 31. Bc4 Kd8 32. Rxf7 Bxf7 33. Bxf7 Kc7 34. h3 Rf8 35. Bc4 Nd7 36.
Nxd7 Kxd7 37. Kf2 Rf4 38. Bd3 g5 39. Be4 Ke6 40. Ke3 Ke5 41. a4 Rf8 42. b5 cxb5 43. axb5 axb5 44. Bxb7 b4 45. Kd3 Rb8 46. c6 Kd6 47.
Kc4 Rf8 48. Kxb4 Kc7 49. Ba6 Rxf3 50. Be2 Rxh3 51. Kc5 Rc3+ 52. Kd5 Rxc6 53. Ke5 Rd6 54. Kf5 Kd7 55. Bf3 Ke7 56. Be2 Rf6+ 57. Ke4 Re6+ 58.
Kd3 Kf6 59. Bf3 Ke5 60. Ke3 Re7 61. Bd1 Ra7 62. Kf3 Ra3+ 63. Kf2 Kf4 64. Kg2 Rg3+ 65. Kh2 Rxg4 66. Bxg4 Kxg4 67. Kg2 h5 68. Kh2 h4 69. Kg2 h3+ 70. Kh2 Kh4 71. Kg1 g4 72. Kh1 g3 73.
Kg1 Kg4 74. Kh1 Kf3 75. Kg1 g2 0-1

[Event "*** Titled Tuesday Blitz"]
[Site "Chess.com"]
[Date "2021.03.16"]
[Round "5"]
[White "JoliyRoger"]
[Black "Matols"]
[Result "0-1"]
[WhiteElo "2414"]
[BlackElo "2294"]
[TimeControl "180+1"]
[EndTime "10:54:30 PDT"]
[Termination "Matols won on time"]

1. Nf3 Nf6 2. c4 e6 3. Nc3 d5 4.
cxd5 exd5 5. d4 Be7 6. Bg5 O-O 7.
Bxf6 Bxf6 8. e3 c6 9. Bd3 Re8 10. Qc2 h6 11. h3 Nd7 12. O-O Nf8 13. b4 a6 14. a4 Ne6 15. b5 axb5 16. axb5 Rxa1 17.
Rxa1 c5 18. Rd1 cxd4 19. exd4 Nf4 20. Bh7+ Kh8 21. Bf5 Qd6 22. Re1 Rxe1+ 23. Nxe1 Bxd4 24.
Bxc8 Bxc3 25. Nf3 d4 26. Bxb7 d3 27. Qd1 d2 28. Be4 Ba5 29. Bc2 Qd5 30. Kh2 Bc3 31. Qb1 g6 32. b6 Qb7 33. Be4 Qb8 34. b7 Ne2+ 0-1

[Event "*** Titled Tuesday Blitz"]
[Site "Chess.com"]
[Date "2021.03.16"]
[Round "5"]
[White "Evgeny81"]
[Black "DenLaz"]
[Result "1-0"]
[WhiteElo "2778"]
[BlackElo "2839"]
[TimeControl "180+1"]
[EndTime "10:54:31 PDT"]
[Termination "Evgeny81 won by resignation"]

1. e4 e5 2. Nf3 Nc6 3. Bb5 a6 4. Ba4 Nf6 5. O-O Be7 6. Re1 b5 7. Bb3 d6 8. c3 O-O 9. d4 Bg4 10.
d5 Na5 11. Bc2 c6 12. dxc6 Qc7 13. Nbd2 Qxc6 14. Nf1 Rfc8 15. h3 Be6 16. Ng3 h6 17. Bd3 Nc4 18. Qe2 Bf8 19. Nh2 d5 20.
Ng4 Nxg4 21. hxg4 g6 22. b3 Nb6 23. Bd2 Bg7 24. Rad1 Re8 25. Be3 Nd7 26. exd5 Bxd5 27. Be4 Nf6 28. Rxd5 Nxd5 29. c4 bxc4 30. bxc4 Rab8 31.
Bxd5 Qd7 32. Ne4 Kh7 33. g5 Qe7 34. Qf3 h5 35. Qxf7 Qxf7 36. Bxf7 Red8 37. Bd5 Rb2 38. a4 Bf8 39. Nc5 Ra2 40. Ne6 Re8 41.
Nxf8+ Rxf8 42. c5 Rxa4 43. c6 Rd8 44. c7 Rc8 45. Rc1 1-0

[Event "*** Titled Tuesday Blitz"]
[Site "Chess.com"]
[Date "2021.03.16"]
[Round "5"]
[White "nrvisakh"]
[Black "SharapovEvgeny"]
[Result "1-0"]
[WhiteElo "2794"]
[BlackElo "2487"]
[TimeControl "180+1"]
[EndTime "10:54:31 PDT"]
[Termination "nrvisakh won by resignation"]

1. e4 c5 2. Nf3 d6 3. d4 cxd4 4.
Nxd4 Nf6 5. f3 e6 6. c4 Be7 7.
Nc3 O-O 8. Be2 Nbd7 9. Be3 d5 10. cxd5 exd5 11. O-O dxe4 12. fxe4 Ne5 13. Nf5 Bxf5 14.
Rxf5 Ng6 15. Qf1 a6 16. e5 Nd5 17. Nxd5 Qxd5 18. Bc4 Qe4 19. Re1 Kh8 20. Bxf7 Nh4 21.
Rf4 Qxe5 22. Bd4 Qg5 23. Re5 Qxf4 24. Qxf4 Ng6 25. Qf5 Nxe5 26. Bxe5 Bf6 27. Bd5 Bxe5 28. Qxe5 Rae8 29. Qc3 b5 30. h3 Rd8 31. Bf3 h6 32.
Kh2 Rf6 33. Qe5 Rdf8 34. Be4 Rd8 35. Bc2 Rdf8 36. Qe4 g6 37. Qe7 R8f7 38. Qd8+ Kg7 39. Bb3 Rf8 40. Qe7+ Kh8 41. Bd5 Rf5 42. Be4 R5f7 43.
Qe5+ Kh7 44. h4 1-0

[Event "*** Titled Tuesday Blitz"]
[Site "Chess.com"]
[Date "2021.03.16"]
[Round "5"]
[White "Msb2"]
[Black "GregShahade"]
[Result "1-0"]
[WhiteElo "2922"]
[BlackElo "2772"]
[TimeControl "180+1"]
[EndTime "10:54:33 PDT"]
[Termination "Msb2 won by resignation"]

1. d4 Nf6 2. Nf3 g6 3. Nc3 d5 4.
Bf4 Bg7 5. e3 Nbd7 6. Nb5 O-O 7.
Bxc7 Qe8 8. Bg3 Qd8 9. Bd3 a6 10. Nc3 b6 11. O-O Bb7 12. a4 Ne4 13. Ne2 Rc8 14. c3 Nxg3 15. hxg3 e6 16. Qb3 Qc7 17. Rac1 Qd6 18. Rfd1 Rfd8 19. Nd2 e5 20. dxe5 Nxe5 21. Bb1 h5 22. Nd4 Ng4 23. N2f3 Bf6 24. Ne2 h4 25. gxh4 Bxh4 26. g3 Bf6 27. Nfd4 Kg7 28. Bf5 Ne5 29.
Bxc8 Bxc8 30. Kg2 Ng4 31. Rh1 Re8 32. Nf4 Bg5 33. Rce1 Re4 34. Nf3 Bxf4 35. exf4 Qc5 36. Nd4 Nf6 37. f3 Rxe1 38. Rxe1 Qc7 39. Qb4 Qd7 40. f5 gxf5 41. Re7 Qd8 42. Nc6 Qh8 43.
Qh4 Qf8 44. Qg5+ Kh7 45. Qxf6 1-0

[Event "*** Titled Tuesday Blitz"]
[Site "Chess.com"]
[Date "2021.03.16"]
[Round "5"]
[White "Onischuk_V"]
[Black "SanchezKelvin"]
[Result "1-0"]
[WhiteElo "2833"]
[BlackElo "2617"]
[TimeControl "180+1"]
[EndTime "10:54:36 PDT"]
[Termination "Onischuk_V won by checkmate"]

1. Nf3 g6 2. g3 Bg7 3. Bg2 c5 4. O-O Nc6 5. d3 d6 6. c4 Nf6 7. Nc3 O-O 8. a3 a6 9. Bd2 Rb8 10. b4 cxb4 11. axb4 Nxb4 12. Nd4 Nd7 13. Nb3 Nc6 14. Rb1 Nd4 15. Nxd4 Bxd4 16. Qa4 Bg7 17. Nd5 Nc5 18. Qa3 Be6 19. Ba5 Qe8 20. Bb6 Bxd5 21.
Bxd5 Qc8 22. Ba7 Ra8 23. Bb6 Rb8 24. Rfc1 e6 25. Bg2 Re8 26. e3 Bf8 27. d4 Nd7 28. Ba7 d5 29. Qa2 Ra8 30. cxd5 Qd8 31. Rxb7 e5 32. Rcc7 Nf6 33. Rxf7 e4 34. Bb6 Qxd5 35.
Qa4 Re6 36. Rfc7 Qb5 37. Qa2 Qd5 38. Qc2 Ne8 39. Rd7 Qc6 40. Qxc6 Rxc6 41. Bxe4 Rc1+ 42.
Kg2 Nd6 43. Bd5+ Kh8 44. Rxh7# 1-0

[Event "*** Titled Tuesday Blitz"]
[Site "Chess.com"]
[Date "2021.03.16"]
[Round "5"]
[White "GM_LOADING"]
[Black "dennisodessa"]
[Result "0-1"]
[WhiteElo "2554"]
[BlackElo "2357"]
[TimeControl "180+1"]
[EndTime "10:54:36 PDT"]
[Termination "dennisodessa won by checkmate"]

1. e4 e6 2. d4 d5 3. Nc3 Nc6 4. Bb5 dxe4 5. Bxc6+ bxc6 6. Nxe4 Nf6 7. Bg5 Be7 8.
Nxf6+ Bxf6 9. Bxf6 Qxf6 10. Qf3 O-O 11. Qxf6 gxf6 12. Nf3 Bb7 13. Ke2 Rfd8 14. Rhd1 Rd7 15. Rd2 Rad8 16. Rad1 Kf8 17. Ke3 Ke7 18. b4 a5 19. a3 axb4 20. axb4 Ra8 21. c3 Ra3 22.
Rc1 Ba6 23. Ne1 Rd8 24. Nd3 Bxd3 25. Kxd3 Rda8 26. Kc4 Kd6 27. Rd3 Ra2 28. Rf3 f5 29. Rg1 h5 30. Rf1 Rc2 31. Re1 Raa2 32. Rf1 Re2 33.
Rf4 Red2 34. g3 Rdc2 35. h3 Ra3 36. Rf3 Raa2 37. Rf4 Ra3 38. Rf3 Raa2 39. Kb3 f6 40.
Kc4 Ra3 41. Rg1 e5 42. Rxf5 Raxc3# 0-1

[Event "*** Titled Tuesday Blitz"]
[Site "Chess.com"]
[Date "2021.03.16"]
[Round "5"]
[White "dosto07"]
[Black "aljado"]
[Result "1-0"]
[WhiteElo "2364"]
[BlackElo "2132"]
[TimeControl "180+1"]
[EndTime "10:54:36 PDT"]
[Termination "dosto07 won on time"]

1. e4 c5 2. Nf3 e6 3. c3 Nc6 4. d4 cxd4 5. cxd4 d5 6. e5 Nge7 7. Bd3 Nf5 8. Bxf5 exf5 9. O-O Be6 10. Nc3 Be7 11. Re1 O-O 12. Be3 Qb6 13. Na4 Qb5 14. b3 Rac8 15. Bg5 Qb4 16. a3 Qa5 17. Bxe7 Nxe7 18.
Nc5 Qb6 19. b4 Nc6 20. Qd2 a5 21. Rab1 axb4 22. axb4 Ra8 23. h4 Qb5 24. h5 b6 25.
h6 g6 26. Qg5 f6 27. exf6 Bf7 28.
Nb7 Qd3 29. Rbd1 Qb3 30. Nd6 Qxb4 31. Nxf5 Ra2 32. Ne7+ Kh8 33. Nxc6 Qb2 34. Rd2 Qb3 35. Rxa2 Qxa2 36. Nce5 Qa5 37. Nxf7+ Kg8 38. Qe5 Qxe1+ 39.
Qxe1 Rxf7 40. Qe8+ Rf8 41. Qe6+ 1-0

[Event "*** Titled Tuesday Blitz"]
[Site "Chess.com"]
[Date "2021.03.16"]
[Round "5"]
[White "eCztery"]
[Black "kubal123"]
[Result "1-0"]
[WhiteElo "2407"]
[BlackElo "2260"]
[TimeControl "180+1"]
[EndTime "10:54:38 PDT"]
[Termination "eCztery won by resignation"]

1. e4 c6 2. Nc3 d5 3. Nf3 dxe4 4. Nxe4 Nf6 5. Qe2 Nxe4 6. Qxe4 Qd5 7. Qh4 Bf5 8. Bc4 Qe4+ 9. Qxe4 Bxe4 10. Bxf7+ Kxf7 11. Ng5+ Ke8 12. Nxe4 e6 13. d3 Nd7 14. Bf4 Be7 15.
O-O-O Rf8 16. Bg3 Nc5 17. Rhe1 Nxe4 18. Rxe4 Kd7 19. Rde1 Rae8 20. Kd1 Bc5 21. f3 Rf7 22. b4 Bb6 23. c4 a5 24. c5 Bd8 25. a4 Rf6 26. b5 Be7 27. Rd4+ Kc8 28. Bd6 Bxd6 29. Rxd6 Kc7 30. b6+ Kc8 31. d4 Rd8 32. Rxd8+ Kxd8 33. Kd2 Kd7 34. Kd3 Rg6 35. g3 Rf6 36. f4 Rh6 37.
Re2 Rh3 38. Ke4 h5 39. f5 exf5+ 40. Kxf5 h4 41. Kg4 1-0

[Event "*** Titled Tuesday Blitz"]
[Site "Chess.com"]
[Date "2021.03.16"]
[Round "5"]
[White "Forantes"]
[Black "Ranindu2003"]
[Result "1-0"]
[WhiteElo "2430"]
[BlackElo "2581"]
[TimeControl "180+1"]
[EndTime "10:54:39 PDT"]
[Termination "Forantes won on time"]

1. Nf3 Nf6 2. g3 e6 3. Bg2 d5 4. O-O Be7 5. d4 O-O 6. c4 dxc4 7. Nc3 c5 8. dxc5 Qc7 9. Qa4 Qxc5 10. Be3 Qc6 11. Ne5 Qxa4 12. Nxa4 Nd5 13. Bc5 Bxc5 14. Nxc5 b6 15. Ne4 Nd7 16. Nxc4 Ba6 17. Ned6 Nc5 18.
e4 Nb4 19. a3 Nc2 20. Rad1 e5 21. b4 Nb7 22. b5 Nxd6 23. Nxd6 Bc8 24. Rd5 f6 25. Rc1 Nd4 26. Rc7 Be6 27. Rxd4 exd4 28. e5 Rad8 29. f4 fxe5 30. fxe5 d3 31. Rc3 Bf5 32.
Bd5+ 1-0

[Event "*** Titled Tuesday Blitz"]
[Site "Chess.com"]
[Date "2021.03.16"]
[Round "5"]
[White "Gloomy_Wanderer"]
[Black "enriquebutti"]
[Result "0-1"]
[WhiteElo "2672"]
[BlackElo "2235"]
[TimeControl "180+1"]
[EndTime "10:54:41 PDT"]
[Termination "enriquebutti won on time"]

1. d4 d5 2. c4 c6 3. cxd5 cxd5 4. Nc3 Nc6 5. e4 Nf6 6. e5 Ne4 7. Nge2 Bf5 8. Qb3 Nxc3 9. bxc3 Rb8 10. Ng3 Bg6 11.
Ba3 e6 12. Bb5 Bxa3 13. Qxa3 Qe7 14. Qa4 O-O 15. O-O Rfc8 16. f4 a6 17. Be2 Qd7 18. Qa3 Ne7 19. Rfc1 Rc7 20. Qb4 Rbc8 21. a4 Nf5 22.
Nf1 h5 23. Bd3 f6 24. exf6 gxf6 25. Rab1 Qg7 26. Rb2 Kh8 27. Bxf5 Bxf5 28. Ne3 Be4 29. c4 h4 30. c5 Qh6 31. Rf1 Rg7 32. Qb6 Rc6 33.
Qd8+ Kh7 34. Qb8 Rcc7 35. a5 h3 36. Qd8 hxg2 37. Rff2 Rcd7 38. Qb8 Rdf7 39. c6 bxc6 40. Qd6 f5 41. Qxc6 Rf6 42. Qd6 Rfg6 43. Qe5 Qh4 44.
Rbd2 Rh6 0-1

[Event "*** Titled Tuesday Blitz"]
[Site "Chess.com"]
[Date "2021.03.16"]
[Round "5"]
[White "tptagain"]
[Black "SilviusTiberius"]
[Result "1-0"]
[WhiteElo "2864"]
[BlackElo "2543"]
[TimeControl "180+1"]
[EndTime "10:54:42 PDT"]
[Termination "tptagain won by checkmate"]

1. e4 e5 2. d4 exd4 3. Qxd4 Nc6 4. Qe3 Nf6 5. Bd2 d6 6. Nc3 g6 7. O-O-O Bg7 8. f4 O-O 9. Nf3 Re8 10. Bd3 Nb4 11. Rhe1 Nxd3+ 12. Qxd3 Bg4 13. h3 Bxf3 14. Qxf3 Nd7 15. Nd5 c6 16. Nc3 Nc5 17. Kb1 b5 18. e5 d5 19. Be3 Nd7 20. Ne2 Nb6 21. Bc1 a5 22. Nd4 Qc8 23. g4 Ra7 24. Qf2 Rb7 25. Nf3 Nc4 26. b3 Qb8 27. Qh4 a4 28. Qf2 Qc7 29.
bxc4 bxc4+ 30. Ka1 Qa5 31. Qe3 Bf8 32. Ba3 c3 33.
Bxf8 Rxf8 34. Rb1 Rfb8 35. Nd4 Rb2 36. Rxb2 Rxb2 37. e6 Qb4 38. exf7+ Kxf7 39. Qe8+ Kg7 40. Re7+ Kh6 41. Qf8# 1-0

[Event "*** Titled Tuesday Blitz"]
[Site "Chess.com"]
[Date "2021.03.16"]
[Round "5"]
[White "GMKrikor"]
[Black "GMaka"]
[Result "1-0"]
[WhiteElo "2749"]
[BlackElo "2464"]
[TimeControl "180+1"]
[EndTime "10:54:42 PDT"]
[Termination "GMKrikor won by resignation"]

1. Nf3 g6 2. c4 Bg7 3. e4 c6 4. d4 d5 5. cxd5 cxd5 6. e5 Nh6 7. h3 O-O 8. Nc3 Nc6 9. Bd3 Bf5 10. Bxf5 Nxf5 11.
g4 Nh6 12. Be3 Kh8 13. Qd2 Ng8 14. h4 h6 15. h5 g5 16. Nxg5 hxg5 17. h6 f6 18.
Bxg5 fxg5 19. Qxg5 Bxe5 20. dxe5 Rf7 21. h7 Nf6 22.
exf6 exf6 23. Qxd5 Qxd5 24. Nxd5 Rd8 25. Ne3 Rxh7 26.
Rxh7+ Kxh7 27. Rc1 Kg6 28. Rc5 Nd4 29. Rc7 b5 30. f4 Re8 31. Kf2 a5 32. Rd7 Nc6 33.
Rd6 Ne7 34. Kf3 Ng8 35. Nd5 Re1 36. Nxf6 Rf1+ 37. Kg3 Rxf4 38. Kxf4 1-0

[Event "*** Titled Tuesday Blitz"]
[Site "Chess.com"]
[Date "2021.03.16"]
[Round "5"]
[White "AlhosaniOmran1"]
[Black "dpopadic"]
[Result "1-0"]
[WhiteElo "2490"]
[BlackElo "2326"]
[TimeControl "180+1"]
[EndTime "10:54:42 PDT"]
[Termination "AlhosaniOmran1 won by checkmate"]

1. d4 Nf6 2. c4 g6 3. Nc3 Bg7 4. Bf4 d6 5. e3 O-O 6. Nf3 c5 7. Be2 Nc6 8. O-O Bf5 9. d5 Na5 10. Nd2 a6 11. e4 Bd7 12. a4 Qc7 13. Bg3 e5 14. dxe6 Bxe6 15. Rc1 Rad8 16. Nd5 Bxd5 17. cxd5 Qe7 18. Qc2 Ra8 19. Rfe1 Nd7 20. b3 b6 21. f4 Nb7 22. Nf3 Rfe8 23. Bf1 Qf8 24. e5 Kh8 25. e6 fxe6 26. dxe6 Nf6 27. Ng5 Nh5 28. Bc4 Bd4+ 29.
Kh1 Nxg3+ 30. hxg3 Qh6+ 31. Nh3 Re7 32. Bd5 Rf8 33. Qe4 Nd8 34. Rcd1 Qg7 35. g4 b5 36. axb5 axb5 37. g3 Rfe8 38. Kg2 Nxe6 39. Bxe6 Rxe6 40. Qxe6 Rxe6 41. Rxe6 Qb7+ 42. Kh2 Qf3 43. Rde1 Qxb3 44. Re8+ Kg7 45. R1e7+ Kf6 46. Ng5 Qa2+ 47. Kh3 h5 48. Ne4# 1-0

[Event "*** Titled Tuesday Blitz"]
[Site "Chess.com"]
[Date "2021.03.16"]
[Round "5"]
[White "Pinkito"]
[Black "NoGuru"]
[Result "1-0"]
[WhiteElo "2452"]
[BlackElo "2287"]
[TimeControl "180+1"]
[EndTime "10:54:45 PDT"]
[Termination "Pinkito won on time"]

1. d4 d5 2. c4 e6 3. Nc3 Be7 4.
Nf3 Nf6 5. Bg5 h6 6. Bxf6 Bxf6 7. e3 O-O 8. Rc1 dxc4 9. Bxc4 b6 10. e4 Bb7 11. O-O Nd7 12. Qe2 c5 13. dxc5 Nxc5 14.
Rfd1 Qb8 15. b4 Bxc3 16. bxc5 Bf6 17. cxb6 axb6 18. Qe3 Ra4 19. Qxb6 Bxe4 20. Qxb8 Rxb8 21. Bb3 Rab4 22. Rc7 Bxf3 23. gxf3 Rf4 24. Rdd7 Be5 25. Rc5 Bf6 26. Rcc7 Bh4 27. Kg2 Rb5 28. Rxf7 Rg5+ 29. Kh3 Rxf7 30. Bxe6 Bxf2 31. Rxf7 Kh8 32. Rf8+ Kh7 33.
Bd5 g6 34. Be4 Kg7 35. Rc8 Re5 36. Rc7+ Kf6 37. Rc6+ Kg5 38. Rxg6+ Kf4 39. Rxh6 Ra5 40. Rf6+ Ke3 41. Kg4 Rxa2 42. h4 Ra1 43. Re6 1-0

[Event "*** Titled Tuesday Blitz"]
[Site "Chess.com"]
[Date "2021.03.16"]
[Round "5"]
[White "MITerryble"]
[Black "vovachesss"]
[Result "1-0"]
[WhiteElo "2912"]
[BlackElo "2750"]
[TimeControl "180+1"]
[EndTime "10:54:46 PDT"]
[Termination "MITerryble won on time"]

1. d4 Nf6 2. Bg5 c6 3. Nf3 Qb6 4. b3 d5 5. Nbd2 Bf5 6. e3 Nbd7 7. Bd3 e6 8. Bxf5 exf5 9. O-O Be7 10. c4 O-O 11. Qc2 g6 12. Ne5 Qc7 13. Nxd7 Qxd7 14. Nf3 Rfe8 15. Rac1 Ne4 16. Bxe7 Rxe7 17. cxd5 Qxd5 18.
Qc4 Rd8 19. Rc2 h5 20. Rfc1 Kg7 21. h4 Qd6 22. Ne5 f4 23. exf4 Qxd4 24. Qxd4 Rxd4 25. g3 f6 26. Nc4 Nd6 27. Na5 Kh6 28. Kg2 g5 29.
fxg5+ fxg5 30. hxg5+ Kxg5 31. Rc5+ Kg6 32. Rh1 Nf5 33.
Rc2 h4 34. Rc4 Rd2 35. Rg4+ Kf6 36. Nc4 hxg3 37. Nxd2 gxf2 38. Kxf2 Ne3 39. Rf4+ Kg5 40. Re4 Ng4+ 41. Kg3 1-0

[Event "*** Titled Tuesday Blitz"]
[Site "Chess.com"]
[Date "2021.03.16"]
[Round "5"]
[White "Frolyanov_D"]
[Black "Agnes66678"]
[Result "0-1"]
[WhiteElo "2672"]
[BlackElo "2451"]
[TimeControl "180+1"]
[EndTime "10:54:46 PDT"]
[Termination "Agnes66678 won on time"]

1. e4 d6 2. d4 Nf6 3. Nc3 e5 4. Nf3 Nbd7 5. Bc4 Be7 6. O-O O-O 7. a4 c6 8. h3 a5 9. Ba2 Qc7 10. Kh1 h6 11. Be3 Re8 12. Qd2 exd4 13. Nxd4 Bf8 14. f3 Nc5 15. Rae1 Bd7 16. g4 d5 17. exd5 cxd5 18. Rg1 Bc6 19. g5 hxg5 20. Bxg5 Rxe1 21. Qxe1 Re8 22. Qh4 Nh7 23. Nxd5 Qe5 24. Nxc6 bxc6 25.
Nf6+ Nxf6 26. Bxf6 Qf5 27. Rg2 Ne6 28. Bc4 Nf4 29.
Bd3 Nxg2 30. Bxf5 Nxh4 31. Bxh4 Re2 32. Be4 Bc5 33. Bd8 Bb4 34. c3 Bd6 35. Bxa5 Rxb2 36. Bxc6 Rh2+ 37. Kg1 Ra2 38. Bb6 Ra3 39. a5 Rxc3 40.
Be4 Rc1+ 41. Kg2 Ra1 42. h4 Ra2+ 43. Kf1 g6 0-1

[Event "*** Titled Tuesday Blitz"]
[Site "Chess.com"]
[Date "2021.03.16"]
[Round "5"]
[White "Grineva_Marianna"]
[Black "Bodnar_Mykola"]
[Result "0-1"]
[WhiteElo "2258"]
[BlackElo "2467"]
[TimeControl "180+1"]
[EndTime "10:54:46 PDT"]
[Termination "Bodnar_Mykola won by resignation"]

1. e4 e5 2. Nf3 Nc6 3. Bb5 a6 4. Ba4 Bc5 5. c3 Nge7 6. Qe2 Ba7 7. d3 O-O 8. Nbd2 d6 9. h3 h6 10. g4 Ng6 11. Nf1 Bd7 12. Bb3 Nf4 13. Bxf4 exf4 14. N1d2 Qf6 15. O-O-O Be6 16. Bc2 Bxa2 17. Rdg1 g5 18.
h4 Be6 19. hxg5 hxg5 20. Rh5 Ne7 21. Rxg5+ Ng6 22. d4 Rae8 23. Rh1 Bd7 24. Qf1 c5 25.
Qh3 Qg7 26. e5 cxd4 27. cxd4 dxe5 28. Nxe5 Rxe5 29. dxe5 Bxf2 30. Ne4 Be3+ 31. Kb1 Rd8 32. Nf6+ Kf8 33. Bxg6 fxg6 34. Qh7 Bb5 35. Qh8+ Qxh8 36.
Rxh8+ Ke7 37. Rh7+ Ke6 38. Rxg6 Bd3+ 39. Ka2 Bxg6 40. Rh1 Kxe5 41. Nh5 f3 42. Rf1 f2 43.
Ng3 Kf4 44. Ne2+ Kf3 45. Nc3 Bd3 46. Rh1 f1=Q 47. Rxf1+ Bxf1 0-1

[Event "*** Titled Tuesday Blitz"]
[Site "Chess.com"]
[Date "2021.03.16"]
[Round "5"]
[White "IwkooO"]
[Black "GoltsevDmitry2000"]
[Result "1-0"]
[WhiteElo "2631"]
[BlackElo "2806"]
[TimeControl "180+1"]
[EndTime "10:54:47 PDT"]
[Termination "IwkooO won by checkmate"]

1. e4 e6 2. d4 d5 3. Nd2 Nf6 4. e5 Nfd7 5. Bd3 c5 6. c3 Nc6 7.
Ne2 a6 8. O-O b5 9. f4 g6 10. Nf3 h5 11. Be3 Qb6 12. dxc5 Bxc5 13. Bxc5 Nxc5 14. Kh1 Bb7 15. Ned4 Ne7 16. Qe2 Rc8 17.
Rac1 Kd7 18. Ng5 Rhf8 19. Nh7 Rh8 20. Nf6+ Kd8 21. Rfd1 Nd7 22. b3 Kc7 23. Nf3 Rcd8 24. c4 bxc4 25. bxc4 dxc4 26. Rxc4+ Nc6 27. Be4 Nc5 28.
Rdc1 Nxe4 29. Nxe4 Kb8 30. Nd6 Na5 31. R4c2 Rd7 32. Rb2 Qa7 33. Rcb1 Qc5 34. Qxa6 Qd5 35. Rb5 Qd3 36. Rxb7+ Nxb7 37. Qxd3 Rhd8 38. Nd4 Kc7 39. Rxb7# 1-0

[Event "*** Titled Tuesday Blitz"]
[Site "Chess.com"]
[Date "2021.03.16"]
[Round "5"]
[White "bricolageur"]
[Black "muchojogo"]
[Result "0-1"]
[WhiteElo "2254"]
[BlackElo "2427"]
[TimeControl "180+1"]
[EndTime "10:54:48 PDT"]
[Termination "muchojogo won by resignation"]

1. e4 c5 2. Nf3 d6 3. d4 cxd4 4.
Nxd4 Nf6 5. Nc3 a6 6. Bc4 e6 7.
a3 Be7 8. Ba2 Qc7 9. g4 Nc6 10.
g5 Nxd4 11. Qxd4 Nh5 12. Be3 O-O 13. O-O-O b5 14. Ne2 e5 15. Qd3 Be6 16. Kb1 Rab8 17.
Ng3 Nf4 18. Bxf4 exf4 19. Nf5 Bxg5 20. Nxg7 Kxg7 21. Rhg1 Bxa2+ 22. Kxa2 f6 23. h4 h6 24. hxg5 hxg5 25. Qxd6 Qxc2 26. Rd5 Qxe4 27. Rdxg5+ fxg5 28.
Rxg5+ Kf7 29. Qd7+ Kf6 30. Qg7+ Ke6 31. Rg6+ Kd5 32.
Qd7+ Kc5 33. Qd6+ Kc4 34. b3+ Kc3 35. Qc5+ Kd2 36. Rd6+ Ke1 37. Qc1+ Kxf2 38. Rd2+ Kf3 39. Qh1+ Ke3 40. Qe1+ Kf3 41. Rf2+ Kg4 42. Qg1+ Kf5 0-1

[Event "*** Titled Tuesday Blitz"]
[Site "Chess.com"]
[Date "2021.03.16"]
[Round "5"]
[White "Artem_Sadovsky"]
[Black "Rud_Makarian"]
[Result "1-0"]
[WhiteElo "2624"]
[BlackElo "2784"]
[TimeControl "180+1"]
[EndTime "10:54:49 PDT"]
[Termination "Artem_Sadovsky won by resignation"]

1. Nf3 Nf6 2. g3 d5 3. Bg2 c5 4. c4 d4 5. b4 cxb4 6. a3 bxa3 7. Bxa3 Nc6 8. O-O e5 9. Bxf8 Kxf8 10. d3 g6 11.
Nbd2 Kg7 12. Ng5 a5 13. Qa4 Bd7 14. Nge4 Nb4 15. Qb3 Bc6 16. Rfb1 Nxe4 17. Nxe4 f5 18. Nc5 Qe7 19. Bxc6 bxc6 20. Na4 h5 21. Nb6 Rab8 22. c5 Qxc5 23. Nd7 Qb5 24. Qe6 Rbe8 25. Qf6+ Kh6 26. h4 Qd5 27. Qg5+ Kg7 28. Nf6 Qb5 29. Nxe8+ Rxe8 30. Qd2 e4 31. dxe4 Rxe4 32. Rb2 c5 33. Qg5 c4 34. Qd8 c3 35. Rxa5 Qb7 36. Rxb4 Qf7 37.
Ra8 Qe7 38. Qxe7+ Rxe7 39. Rxd4 Rxe2 40. Ra1 1-0